 Dungeon Sprint DCSS version 0.30-a0-1112-gfb780f5df6 (webtiles) character file.

Game seed: 2329560059566813895

218 sircluck the Cleaver (level 5, -4/54 (56) HPs)
             Began as a Hill Orc Berserker on Apr 19, 2023.
             Was a Priest of Trog.
             Slain by a necromancer
             ... wielding a +0 dagger
              (8 damage)
             ... in the Dungeon (Sprint III: "The Ten Rune Challenge").
             The game lasted 00:01:03 (539 turns).

sircluck the Cleaver (Hill Orc Berserker)            Turns: 539, Time: 00:01:04

HP:   -4/54 (56)    AC:  2    Str: 22    XL:     5   Next: 95%
MP:   5/5           EV: 12    Int:  7    God:    Trog [***...]
Gold: 17            SH:  0    Dex: 10    Spells: 4/4 levels left

rFire   . . .      SeeInvis .    a - +0 hand axe
rCold   . . .      Faith    .    (no shield)
rNeg    . . .      Spirit   .    b - +0 animal skin
rPois   .          Reflect  .    (no helmet)
rElec   .          Rampage  .    (no cloak)
rCorr   .          NoTele   +    (no gloves)
Will    .....                    (no boots)
Stlth   +                        (no amulet)
HPRegen 0.29/turn                (no ring)
MPRegen 0.09/turn                (no ring)

@: lightly drained
A: no striking features
a: Renounce Religion, Berserk, Trog's Hand


You were in the Dungeon.
You worshipped Trog.
Trog was most pleased with you.
You visited 1 branch You collected 17 gold pieces.

Inventory:

Hand Weapons
 a - a +0 hand axe (weapon)
Armour
 b - a +0 animal skin (worn)
Wands
 i - a wand of flame (11)
Scrolls
 h - a scroll of blinking
 j - a scroll of immolation {unknown}
 k - a scroll of magic mapping {unknown}
 m - a scroll of torment {unknown}
 n - a scroll of identify {unknown}
Potions
 c - a potion of curing
 d - a potion of heal wounds
 e - a potion of haste
 f - 3 potions of magic
 g - a potion of berserk rage
 l - 2 potions of flight
 o - a potion of degeneration {unknown}


   Skills:
 + Level 8.8 Fighting
 + Level 11.2 Axes
 + Level 4.4 Armour
 + Level 3.3 Dodging
 + Level 0.6 Stealth


You had 4 spell levels left.
You didn't know any spells.
Your spell library was empty.

Dungeon Overview and Level Annotations

Branches:
Dungeon (1/1)

Altars:
Dithmenos
Ru
Yredelemnul


Message History

The necrophage is heavily damaged.
The necrophage hits you.
You hit the necrophage.
The necrophage is severely damaged.
The necrophage barely misses you.
You hit the necrophage.
The necrophage is almost destroyed.
The necrophage hits you.
You feel drained.
You slash the necrophage!
You destroy the necrophage!
Trog accepts your kill.
Your life force feels restored.
Your Axes skill increases to level 11!
The necromancer gestures at you while chanting.
The bolt of negative energy hits you!
You feel drained.
* * * LOW HITPOINT WARNING * * *
There is an open door here.
You see here a necrophage corpse.
You slash the necromancer!
The necromancer is severely wounded.
The necromancer hits you with a +0 dagger!
* * * LOW HITPOINT WARNING * * *
You hit the necromancer but do no damage.
The necromancer is severely wounded.
The necromancer mumbles some strange words.
The necromancer binds the souls of nearby monsters.
You barely miss the necromancer.
The necromancer is severely wounded.
You miss the necromancer.
The necromancer is severely wounded.
The necromancer closely misses you.
You hit the necromancer.
The necromancer is severely wounded.
The necromancer gestures at you while chanting.
Your body is wracked with pain!
* * * LOW HITPOINT WARNING * * *
You hit the necromancer but do no damage.
The necromancer is severely wounded.
The necromancer hits you with a +0 dagger!
You die...

▓▓▓ # ##.# ####
#####..# #__#
.#!!#..# #p_#
)#..#..###+#+###@##
.##'#..#..........#
.###...'.⌠........#
####...#...######+#
###....#.⌠.#
##.....#...#
#.†....#+###
.#.....# ###....#


You could see a necromancer.

Vanquished Creatures
  A necrophage (D)
  A scorpion (D)
  A water elemental (D)
  Jessica (D)
  A human (D)
  2 endoplasms (D)
7 creatures vanquished.

Notes
Turn   | Place    | Note
-------+----------+-------------------------------------------
     0 | D        | sircluck the Hill Orc Berserker began the quest for the
                  | Orb.
     0 | D        | Reached XP level 1. HP: 19/19 MP: 1/1
    75 | D        | Noticed Jessica
    82 | D        | Killed Jessica
    82 | D        | Reached ** piety under Trog
    83 | D        | Reached skill level 5 in Fighting
    83 | D        | Reached skill level 6 in Axes
    83 | D        | Reached XP level 2. HP: 16/29 MP: 2/2
    83 | D        | Reached XP level 3. HP: 20/36 MP: 3/3
   225 | D        | Reached skill level 7 in Axes
   277 | D        | Noticed a scorpion
   279 | D        | Killed a scorpion
   280 | D        | Reached skill level 9 in Axes
   280 | D        | Reached XP level 4. HP: 47/47 MP: 4/4
   342 | D        | Noticed a water elemental
   366 | D        | Killed a water elemental
   367 | D        | Reached skill level 10 in Axes
   367 | D        | Reached XP level 5. HP: 51/53 MP: 5/5
   523 | D        | Found a basalt altar of Yredelemnul.
   523 | D        | Found a shadowy altar of Dithmenos.
   523 | D        | Found a sacrificial altar of Ru.
   532 | D        | Reached *** piety under Trog
   533 | D        | Reached skill level 11 in Axes
   539 | D        | Slain by a necromancer

Illustrated notes

Levels and vault maps discovered:
D:        dungeon_sprint_mu [sprint_mu_entry_cave, sprint_mu_temple_rooms,
          sprint_mu_d1_spiders, sprint_mu_d2_genie, sprint_mu_d3_branching,
          sprint_mu_orc_legion, sprint_mu_elf_gauntlet, sprint_mu_hive_nellie,
          sprint_mu_lair_fedhas, sprint_mu_vaults_butterflies,
          sprint_mu_slime_circle, sprint_mu_swamp_cave, sprint_mu_snake_twists,
          sprint_mu_blade_basic, sprint_mu_crypt_chambers,
          sprint_mu_tomb_spiral, sprint_mu_vestibule_basic,
          sprint_mu_gehenna_hellfire, sprint_mu_dis_giant,
          sprint_mu_tartarus_statrot, sprint_mu_cocytus_islands, sprint_mu_zot1]

Skill      XL: |  1  2  3  4  5 |
---------------+----------------+-----
Fighting       | 5 7 8 |  8.8
Axes           | 6 9 10 11 | 11.2
Armour         | 3 4 |  4.4
Dodging        | 2 3 |  3.3
Stealth        | |  0.6

Action                     |  1- 3 |  4- 6 || total
---------------------------+-------+-------++-------
  Melee: Hand axe          |    16 |    18 ||    34
 Invoke: Berserk           |     3 |     1 ||     4
 Armour: Animal skin       |     1 |     2 ||     3
  Dodge: Dodged            |     3 |     4 ||     7

Table legend: (Time is in decaauts)
 A = Elapsed time spent in this place.
 B = Non-inter-level travel time spent in this place.
 C = Inter-level travel time spent in this place.
 D = Time resting spent in this place.
 E = Time spent auto-exploring this place.
 F = Levels seen in this place.
 G = Mean time per level.
                   A        B        C        D        E       F      G
               +--------+--------+--------+--------+--------+-----+--------+
         Total |    579 |    579 |      0 |    312 |    158 |   1 |  579.0 |
       Dungeon |    579 |    579 |      0 |    312 |    158 |   1 |  579.0 |
               +--------+--------+--------+--------+--------+-----+--------+

Top non-repeatable levels by time:
       D: 579 daAuts
